 Dungeon Sprint DCSS version 0.31-a0-940-gdaa99269f9 (webtiles) character file.

Game seed: 15679636668689271207

1782 sircluck the Grappler (level 8, -8/93 HPs)
             Began as a Troll Berserker on Oct 20, 2023.
             Was a High Priest of Trog.
             Mangled by a merfolk impaler
             ... wielding a +0 vampiric demon trident
              (20 damage)
             ... in the Dungeon (Sprint VII: "The Pits").
             The game lasted 00:02:33 (522 turns).

sircluck the Grappler (Troll Berserker)              Turns: 522, Time: 00:02:33

Health: -8/93      AC:  4    Str: 27    XL:     8   Next: 81%
Magic:  7/7        EV: 12    Int: 13    God:    Trog [*****.]
Gold:   0          SH:  0    Dex:  8    Spells: 7/7 levels left

rFire   . .          .
                       - Unarmed
rCold   . . .        (no shield)
rNeg    . . .        a - +0 animal skin
rPois   .            (helmet restricted)
rElec   .            o - +0 cloak
rCorr   .            (gloves unavailable)
SInv    .            (boots unavailable)
Will    .....        (no amulet)
Stlth   +            k - +3 ring of intelligence
HPRegen 1.15/turn    m - +3 ring of intelligence
MPRegen 0.10/turn

%: no teleportation
@: mesmerised
A: large, unfitting armour, claws 3, regeneration 1, shaggy fur 1, tough skin 1,
talons 1, clever 1, deformed body, sturdy frame 1
a: Renounce Religion, Berserk, Trog's Hand, Brothers in Arms


You were in the Dungeon.
You worshipped Trog.
Trog was extremely pleased with you.
You visited 1 branch

Inventory:

Armour
 a - a +0 animal skin (worn)
 o - a +0 cloak (worn)
Jewellery
 k - a +3 ring of intelligence (left claw)
 m - a +3 ring of intelligence (right claw)
Scrolls
 g - a scroll of blinking
 i - 2 scrolls of vulnerability
 j - a scroll of summoning
Potions
 b - 7 potions of curing
 c - 9 potions of heal wounds
 d - a potion of haste
 e - 4 potions of magic
 f - 3 potions of berserk rage
 h - 2 potions of invisibility
 l - 2 potions of might


   Skills:
 + Level 10.1 Fighting
 + Level 10.0 Dodging
 + Level 11.8 Unarmed Combat


You had 7 spell levels left.
You didn't know any spells.
Your spell library was empty.

Dungeon Overview and Level Annotations

Branches:
Dungeon (1/1)

Altars:
Ashenzari
Cheibriados
Dithmenos
Elyvilon
Fedhas
Gozag
Hepliaklqana
Kikubaaqudgha
Makhleb
Nemelex Xobeh
Okawaru
Qazlal
Ru
Sif Muna
Trog
Uskayaw
Vehumet
Wu Jian
Xom
Yredelemnul
Zin
The Shining One
Jiyva
Lugonu


Innate Abilities, Weirdness & Mutations

You are too large for most types of armour.
You have claws for hands.
Your natural rate of healing is unusually fast.
You are covered in fur. (AC +1)
You have tough skin. (AC +1)
You have sharp toenails.
Your mind is acute. (Int +4, Str/Dex -1)
Armour fits poorly on your strangely shaped body.
Your movements are slightly less encumbered by armour. (ER -2)


Message History

The merfolk siren chants its luring song.
Your ogre hits the merfolk with a +0 giant spiked club!!
The merfolk hits you from afar with a +0 spear!
The merfolk siren chants its luring song.
Your ogre misses the merfolk.
Unknown command.
The merfolk hits you from afar with a +0 spear!
* * * LOW HITPOINT WARNING * * *
The merfolk siren chants its luring song.
Your ogre barely misses the merfolk.
Unknown command.
Unknown command.
The merfolk hits you from afar with a +0 spear!
* * * LOW HITPOINT WARNING * * *
The merfolk siren chants its luring song.
Your ogre hits the merfolk with a +0 giant spiked club!!
The merfolk dies!
Trog accepts your kill.
Your Fighting skill increases to level 10!
Your Dodging skill increases to level 10!
Unknown command.
Unknown command.
Your two-headed ogre goes berserk!
The merfolk siren chants its luring song.
The sea snake bites your ogre.
Your ogre looks as sick as possible!
The sea snake poisons your ogre!
Your ogre hits the sea snake with a +0 giant spiked club!!!
Unknown command.
Unknown command.
Your ogre dies!
Your ogre's corpse disappears in a puff of smoke!
The merfolk siren chants its luring song.
You barely miss the sea snake. Your kick misses the sea snake.
The sea snake is severely wounded.
The sea snake misses you.
Your two-headed ogre closely misses the sea snake.
Your two-headed ogre completely misses the sea snake.
The merfolk impaler hits you from afar with a +0 vampiric demon trident!!
You die...

.#.#####'#####''######
##)##.......##''#
.#)##.......##.)#
†).##.......##..# #
#####...<...##..# .##
))[##.......##..# ...#
))[##.......##..## .....
#####.......##..O##mm....
#..###########..@SmmM....
#.############...##......
#†#....#..[[##..## .....
#)#....#..[.##..# ...#
#)'....'..))##..# .##
#†#....#..))##..# #
).#....#.!))##..#
#################


You could see a merfolk impaler, a sea snake (ally target), 2 merfolk, a
guardian mummy, a merfolk siren (mesmerising) and a friendly two-headed ogre
(summoned, berserk).

Vanquished Creatures
  A molten gargoyle (D)
  A basilisk (D)
  A redback (D)
  A water moccasin (D)
  A warg (D)
  A jelly (D)
  A gnoll bouda (D)
  Jessica (D)
  An iguana (D)
  3 orc wizards (D)
  A hell rat (D)
  5 gnolls (D)
  A river rat (D)
  A white imp (D)
  6 orcs (D)
  A bat (D)
  3 giant cockroaches (D)
  2 goblins (D)
  8 jackals (D)
  A kobold (D)
  A quokka (D)
  A frilled lizard (D)
43 creatures vanquished.

Vanquished Creatures (collateral kills)
  A deep troll (D)
  A merfolk (D)
2 creatures vanquished.

Grand Total: 45 creatures vanquished

Notes
Turn   | Place    | Note
-------+----------+-------------------------------------------
     0 | D        | sircluck the Troll Berserker began the quest for the Orb.
     0 | D        | Reached XP level 1. HP: 22/22 MP: 0/0
    17 | D        | Reached XP level 2. HP: 25/31 MP: 1/1
    21 | D        | Found a bloodstained altar of Trog.
    21 | D        | Found a shimmering blue altar of Sif Muna.
    21 | D        | Found a viscous altar of Jiyva.
    21 | D        | Found a hazy altar of Hepliaklqana.
    21 | D        | Found an opulent altar of Gozag.
    22 | D        | Found a glowing golden altar of the Shining One.
    22 | D        | Found a glowing silver altar of Zin.
    22 | D        | Found a basalt altar of Yredelemnul.
    22 | D        | Found a shimmering altar of Xom.
    22 | D        | Found an ornate altar of the Wu Jian Council.
    22 | D        | Found a sacrificial altar of Ru.
    22 | D        | Found a stormy altar of Qazlal.
    22 | D        | Found an iron altar of Okawaru.
    22 | D        | Found a sparkling altar of Nemelex Xobeh.
    22 | D        | Found a burning altar of Makhleb.
    22 | D        | Found a blossoming altar of Fedhas.
    22 | D        | Found a white marble altar of Elyvilon.
    22 | D        | Found a shadowy altar of Dithmenos.
    22 | D        | Found a snail-covered altar of Cheibriados.
    25 | D        | Found a corrupted altar of Lugonu.
    25 | D        | Found a radiant altar of Vehumet.
    26 | D        | Found an ancient bone altar of Kikubaaqudgha.
    26 | D        | Found a hide-covered altar of Uskayaw.
    26 | D        | Found a broken altar of Ashenzari.
    66 | D        | Reached ** piety under Trog
    69 | D        | Reached skill level 4 in Unarmed Combat
    98 | D        | Reached *** piety under Trog
   137 | D        | Reached skill level 5 in Unarmed Combat
   137 | D        | Reached XP level 3. HP: 24/39 MP: 2/2
   143 | D        | Reached **** piety under Trog
   144 | D        | Reached XP level 4. HP: 29/49 MP: 3/3
   208 | D        | Noticed a warg
   221 | D        | Reached ***** piety under Trog
   222 | D        | Reached skill level 5 in Fighting
   222 | D        | Reached skill level 5 in Dodging
   222 | D        | Reached skill level 6 in Unarmed Combat
   229 | D        | Reached XP level 5. HP: 57/57 MP: 4/4
   233 | D        | Killed a warg
   234 | D        | Reached skill level 7 in Unarmed Combat
   245 | D        | Reached XP level 6. HP: 62/68 MP: 5/5
   254 | D        | Reached ****** piety under Trog
   255 | D        | Reached skill level 8 in Unarmed Combat
   255 | D        | Identified the +5 dire flail "Wuhuwapp" {heavy, Will+ Dex-3
                  | Stlth+} (Trog gifted it to you in the Dungeon)
   255 | D        | Received a gift from Trog
   300 | D        | Noticed a basilisk
   301 | D        | Killed a basilisk
   301 | D        | Received a gift from Trog
   302 | D        | Reached skill level 9 in Unarmed Combat
   305 | D        | Noticed Jessica
   311 | D        | Killed Jessica
   312 | D        | Reached XP level 7. HP: 77/79 MP: 6/6
   322 | D        | Noticed a redback
   327 | D        | Killed a redback
   335 | D        | Received a gift from Trog
   336 | D        | Reached skill level 10 in Unarmed Combat
   376 | D        | Gained mutation: Your movements are slightly less
                  | encumbered by armour. (ER -2) [potion of mutation]
   376 | D        | Gained mutation: Your mind is acute. (Int +4, Str/Dex -1)
                  | [potion of mutation]
   376 | D        | Gained mutation: Armour fits poorly on your strangely
                  | shaped body. [potion of mutation]
   376 | D        | Gained mutation: You have sharp toenails. [potion of
                  | mutation]
   433 | D        | Noticed a molten gargoyle
   441 | D        | Killed a molten gargoyle
   442 | D        | Reached XP level 8. HP: 92/92 MP: 7/7
   503 | D        | Noticed a merfolk siren
   503 | D        | Noticed a sea snake
   503 | D        | Noticed a deep troll
   503 | D        | Noticed a merfolk impaler
   503 | D        | Noticed a merfolk
   503 | D        | Noticed a merfolk
   503 | D        | Noticed a merfolk
   503 | D        | Noticed a guardian mummy
   511 | D        | Killed a deep troll
   512 | D        | Reached skill level 11 in Unarmed Combat
   519 | D        | Killed a merfolk
   520 | D        | Reached skill level 10 in Fighting
   520 | D        | Reached skill level 10 in Dodging
   522 | D        | Mangled by a merfolk impaler

Illustrated notes

Levels and vault maps discovered:
D:        pitsprint [storerooms_1, entrance_room_1, metal_vault_3, armoury_1,
          mini_pit_1, grid_room_1, main_hall_1, silver_pit, the_coven_2,
          the_vestibule_1, steel_vault_5, golden_pit, hallway_of_sentries,
          crystal_vault_3, iron_vault_1, final_vault]

Skill      XL: |  1  2  3  4  5  6  7  8 |
---------------+-------------------------+-----
Fighting       | 3 4 5 6 7 9 10 | 10.1
Dodging        | 3 4 5 6 7 9 10 | 10.0
Unarmed Combat | 5 6 7 9 10 11 | 11.8

Action                     |  1- 3 |  4- 6 |  7- 9 || total
---------------------------+-------+-------+-------++-------
  Melee: Unarmed           |    38 |    68 |    21 ||   127
         Punch             |     1 |     2 |       ||     3
         Kick              |       |       |     4 ||     4
 Invoke: Berserk           |       |     1 |     1 ||     2
         Brothers in Arms  |       |       |     3 ||     3
    Use: Potion            |       |       |     4 ||     4
 Armour: Animal skin       |    41 |    39 |    21 ||   101
  Dodge: Dodged            |    27 |    29 |    17 ||    73

Table legend: (Time is in decaauts)
 A = Elapsed time spent in this place.
 B = Non-inter-level travel time spent in this place.
 C = Inter-level travel time spent in this place.
 D = Time resting spent in this place.
 E = Time spent auto-exploring this place.
 F = Levels seen in this place.
 G = Mean time per level.
                   A        B        C        D        E       F      G
               +--------+--------+--------+--------+--------+-----+--------+
         Total |    525 |    525 |      0 |     56 |    162 |   1 |  525.0 |
       Dungeon |    525 |    525 |      0 |     56 |    162 |   1 |  525.0 |
               +--------+--------+--------+--------+--------+-----+--------+

Top non-repeatable levels by time:
       D: 525 daAuts
